Map: Acid Plant LE

Players

Reality

  • Race: Terran Terran
  • League: Gold
  • Spawn Location: 11:00

ILIEKEGGPIE - Winner!

  • Race: Protoss Protoss
  • League: Platinum
  • Spawn Location: 5:00

VOD

Have the link to the VOD?

Description

Time

  • Played on: April 5, 2018, 7:45 p.m.
  • Length: 17:03
Show
View Real Time Build Order
Export as new Build Order

Reality Terran 

Build Orders: Reaper Expand 

Get SALT Encoding   

  12  0:01  SCV  
  13  0:13  SCV  
  14  0:20  Supply Depot  
  14  0:25  SCV  
  15  0:31  Refinery  
  15  0:42  SCV  
  16  0:46  Barracks  
  16  0:54  SCV  
  17  1:06  SCV  
  18  1:19  SCV  
  19  1:34  Orbital Command  
  19  1:35  Reaper  
  20  1:55  Command Center  
  20  1:59  SCV  
  21  2:04  Refinery  
  21  2:09  Barracks  
  21  2:26  SCV  
  22  2:37  Barracks Tech Lab  
  22  2:38  SCV  
  22  2:40  Supply Depot  
  23  2:58  SCV  
  23  3:01  Barracks Reactor  
  23  3:02  Marauder  
  25  3:09  Orbital Command  
  25  3:10  Bunker, SCV  
  25  3:18  Engineering Bay  
  25  3:22  SCV  
  25  3:26  Factory  
  26  3:28  Stimpack  
  26  3:29  Marine  
  28  3:34  SCV  
  28  3:36  SCV  
  28  3:38  Marine x2  
  31  3:46  SCV  
  32  3:49  SCV  
  32  3:54  Terran Infantry Weapons Level 1  
  33  4:00  SCV  
  33  4:01  Marine x2  
  33  4:02  Marauder, Missile Turret  
  38  4:12  Starport  
  38  4:13  Factory Reactor  
  38  4:15  SCV x2  
  40  4:21  Supply Depot  
  40  4:23  Marine x2  
  42  4:29  SCV  
  42  4:30  SCV  
  44  4:33  Marauder  
  46  4:43  Supply Depot, Marine x2, SCV  
  49  4:50  SCV  
  50  4:56  SCV  
  51  5:08  Command Center  
  51  5:10  Engineering Bay, Marine x3  
  51  5:11  Medivac  
  56  5:16  Medivac  
  56  5:19  Engineering Bay  
  56  5:21  SCV x2  
  59  5:24  Widow Mine  
  62  5:35  Refinery, Supply Depot  
  62  5:40  Supply Depot  
  62  5:57  Marauder, Marine x2, SCV x2  
  62  6:01  Terran Infantry Armor Level 1  
  68  6:04  Widow Mine  
  68  6:09  SCV x2  
  72  6:12  Medivac  
  72  6:13  Barracks  
  72  6:14  Barracks, Marine x2  
  72  6:15  Barracks  
  76  6:19  Marauder  
  76  6:20  Armory  
  76  6:21  SCV  
  71  7:01  Marine  
  71  7:02  Marine x2  
  67  7:15  Barracks Reactor, Barracks Tech Lab  
  62  7:16  Viking x2  
  62  7:19  Marine x2, Terran Infantry Weapons Level 2  
  62  7:20  Marauder  
  62  7:21  Terran Vehicle Weapons Level 1  
  70  7:22  Barracks Reactor  
  70  7:23  Supply Depot  
  70  7:24  SCV x2  
  70  7:25  Orbital Command  
  72  7:36  SCV  
  75  7:37  Marine  
  75  7:38  Widow Mine  
  75  7:41  SCV  
  77  7:47  Refinery  
  77  7:48  SCV, Missile Turret  
  78  7:52  Starport, Marine x2  
  78  7:54  SCV x2  
  78  7:55  Marine  
  78  7:57  Marauder, Marine x2  
  87  8:02  Marine x2  
  89  8:08  Viking x2  
  89  8:10  Supply Depot  
  89  8:11  Marauder  
  95  8:18  Supply Depot  
  95  8:19  Marauder  
  97  8:22  Marine x3  
  97  8:23  Marine  
  101  8:31  Refinery  
  101  8:32  Marauder, Marine x2, SCV x3  
  101  8:34  Refinery, Command Center  
  108  8:39  Medivac x2  
  108  8:40  Marauder  
  111  8:54  Marauder  
  113  8:56  SCV x3  
  113  9:02  Marine  
  117  9:22  SCV  
  117  9:23  Marine, Marauder, Supply Depot, SCV  
  117  9:24  Supply Depot x2, Marine x4, SCV  
  117  9:26  Marauder  
  110  9:34  SCV  
  110  9:35  SCV  
  110  9:36  SCV  
  111  10:02  Marine x5  
  111  10:03  Marauder, Marine x2  
  111  10:04  SCV  
  111  10:05  SCV x2  
  123  10:16  SCV  
  123  10:17  SCV  
  123  10:18  Supply Depot, Terran Infantry Weapons Level 3, Terran Infantry Armor Level 2  
  123  10:20  Barracks  
  123  10:21  Refinery, Supply Depot, Marauder  
  127  10:22  Barracks  
  127  10:24  Barracks  
  127  10:25  Marauder, Refinery  
  119  10:43  Marine  
  119  10:44  Marine x6  
  119  10:45  Medivac x2  
  119  10:46  Marauder  
  119  10:47  Starport Reactor  
  120  10:55  SCV x2  
  120  10:56  SCV  
  117  11:00  Terran Vehicle Weapons Level 2  
  117  11:02  Supply Depot  
  117  11:03  Marauder  
  119  11:04  Widow Mine  
  119  11:06  Supply Depot  
  119  11:07  SCV  
  119  11:08  SCV x2  
  124  11:13  Planetary Fortress  
  124  11:19  SCV  
  124  11:20  SCV x2  
  124  11:24  Marine x2  
  124  11:25  Marine x4  
  132  11:26  Marauder x2  
  132  11:27  Viking x3  
  132  11:28  Viking  
  132  11:32  Barracks Reactor  
  145  11:36  SCV x3, Barracks Tech Lab  
  145  11:38  Barracks Reactor  
  148  11:47  Marine x6  
  148  11:48  Marine x2, SCV x3  
  159  11:57  Viking x2  
  159  11:58  Viking x2  
  159  12:00  SCV x3  
  170  12:04  Marine  
  170  12:05  Marine x3  
  170  12:06  Marauder x2  
  178  12:12  SCV  
  181  12:23  Marauder  
  181  12:27  Marauder, Viking  
  183  12:35  Refinery  
  183  12:36  Refinery, Missile Turret  
  183  12:37  Marine x3  
  183  12:38  Marauder, Missile Turret  
  183  12:41  Command Center  
  181  13:12  Supply Depot  
  181  13:13  Supply Depot x2  
  181  13:14  Supply Depot, SCV  
  181  13:16  Terran Infantry Armor Level 3  
  181  13:19  SCV  
  181  13:34  Marauder, Marine x10, SCV x2  
  189  13:35  Marauder x2, SCV  
  200  13:47  SCV, Viking x2  
  184  13:51  Marine  
  138  13:56  Marauder x2  
  138  13:57  Marauder  
  128  14:05  Planetary Fortress  
  128  14:07  Missile Turret  
  124  14:10  Missile Turret x2  
  124  14:12  Bunker  
  124  14:16  Marine x2  
  124  14:17  Marine x7  
  115  14:18  Marauder, Marine  
  115  14:19  Marauder, Medivac x4  
  123  14:25  SCV x3  
  123  14:27  Marine  
  127  14:34  Marine x3  
  127  14:35  Marine x2  
  127  14:37  SCV x2  
  134  14:40  Marauder x2  
  134  14:44  SCV x2  
  140  14:49  Medivac, SCV x2  
  140  14:51  Medivac  
  140  14:52  Medivac x2  
  150  14:53  Marine x5  
  150  14:54  Marine x2  
  150  14:55  Marauder  
  150  14:56  SCV  
  156  15:06  Marine x3  
  156  15:07  Marine x2  
  149  15:10  Refinery  
  149  15:11  Marine  
  149  15:12  Missile Turret  
  149  15:13  Missile Turret x2  
  152  15:15  Hi-Sec Auto Tracking  
  152  15:16  Marauder  
  152  15:19  Medivac  
  156  15:25  Marauder  
  158  15:29  Medivac x3  
  127  15:49  Medivac  
  127  15:53  Refinery  
  127  15:54  Marine x4  
  127  15:55  Marine x3  
  127  15:56  Marauder x3, Marine x2  
  142  15:57  Refinery, SCV x3  
  142  15:59  Viking x3  
  148  16:17  Marauder  
  150  16:19  Viking  
  150  16:20  Command Center  
  152  16:29  Viking  
Show
View Real Time Build Order
Export as new Build Order

ILIEKEGGPIE Protoss - Winner!

Build Orders: Colossus Rush 

Get SALT Encoding   

  12  0:00  Probe  
  13  0:13  Probe  
  14  0:19  Pylon  
  14  0:25  Probe  
  15  0:35  Assimilator  
  15  0:37  Probe (Chrono Boost)  
  16  0:51  Gateway  
  16  0:52  Probe (Chrono Boost)  
  17  1:02  Probe (Chrono Boost)  
  18  1:13  Probe (Chrono Boost)  
  18  1:18  Probe (Chrono Boost)  
  19  1:23  Assimilator  
  20  1:28  Probe  
  21  1:39  Cybernetics Core  
  21  1:44  Probe  
  22  1:53  Pylon  
  22  1:58  Probe  
  23  2:14  Stalker (Chrono Boost)  
  22  2:17  Warp Gate  
  22  2:21  Nexus  
  24  2:38  Shield Battery  
  24  2:48  Gateway  
  24  2:52  Gateway  
  24  3:20  Robotics Facility  
  24  3:24  Probe (Chrono Boost)  
  26  3:36  Probe (Chrono Boost)  
  26  3:37  Pylon  
  26  3:39  Stalker (Chrono Boost)  
  26  3:40  Probe (Chrono Boost)  
  31  3:49  Stalker (Chrono Boost)  
  31  3:51  Probe  
  31  3:52  Probe  
  33  4:03  Probe  
  33  4:04  Probe  
  33  4:08  Observer (Chrono Boost)  
  36  4:12  Assimilator  
  36  4:15  Probe  
  36  4:17  Probe  
  38  4:26  Pylon  
  38  4:27  Probe  
  38  4:29  Probe  
  38  4:30  Observer  
  41  4:32  Stalker  
  41  4:33  Stalker x2  
  47  4:39  Probe  
  47  4:41  Probe (Chrono Boost)  
  50  4:53  Probe (Chrono Boost)  
  50  4:57  Probe (Chrono Boost)  
  51  5:01  Probe (Chrono Boost)  
  51  5:02  Pylon  
  51  5:05  Probe (Chrono Boost), Robotics Bay  
  53  5:07  Probe  
  53  5:08  Immortal (Chrono Boost)  
  58  5:19  Probe  
  59  5:27  Forge x2  
  59  5:34  Probe x2  
  61  5:38  Assimilator  
  61  5:48  Nexus  
  61  5:54  Colossus, Pylon, Extended Thermal Lance (Chrono Boost)  
  67  6:10  Stalker  
  69  6:16  Protoss Ground Armor Level 1 (Chrono Boost), Pylon  
  69  6:18  Pylon  
  69  6:24  Stalker x2  
  73  6:39  Protoss Ground Weapons Level 1 (Chrono Boost)  
  73  6:40  Stalker  
  50  7:06  Stalker x3  
  56  7:21  Pylon  
  56  7:22  Pylon  
  56  7:28  Colossus (Chrono Boost)  
  65  7:32  Probe x2 (Chrono Boost)  
  64  7:41  Stalker  
  64  7:42  Stalker x2  
  70  8:03  Probe x3  
  73  8:11  Twilight Council  
  73  8:16  Colossus (Chrono Boost)  
  79  8:24  Probe (Chrono Boost)  
  79  8:25  Probe (Chrono Boost)  
  82  8:29  Probe (Chrono Boost)  
  82  8:34  Probe x2 (Chrono Boost)  
  84  8:37  Probe (Chrono Boost)  
  84  8:39  Gateway  
  81  8:59  Probe x2  
  83  9:09  Stalker  
  79  9:10  Stalker x2  
  79  9:13  Probe (Chrono Boost)  
  86  9:19  Probe x2 (Chrono Boost)  
  82  9:37  Probe (Chrono Boost)  
  85  9:43  Assimilator, Probe x2 (Chrono Boost)  
  85  9:45  Stalker  
  85  9:46  Stalker x2  
  85  9:49  Pylon x2  
  85  9:50  Assimilator  
  91  9:54  Gateway  
  91  9:55  Gateway  
  91  9:57  Gateway  
  91  10:00  Protoss Ground Armor Level 2 (Chrono Boost), Pylon, Protoss Ground Weapons Level 2 (Chrono Boost)  
  91  10:01  Charge (Chrono Boost)  
  91  10:10  Templar Archives  
  91  10:15  Stalker x2, Sentry x2  
  81  10:48  Pylon  
  77  10:51  Colossus (Chrono Boost)  
  83  11:02  Psionic Storm  
  83  11:03  Stalker  
  83  11:04  Stalker x3  
  91  11:26  Nexus  
  91  11:29  Probe (Chrono Boost)  
  94  11:34  Probe x2 (Chrono Boost)  
  94  11:35  Zealot x4  
  94  11:39  Probe (Chrono Boost)  
  103  11:43  Probe x2 (Chrono Boost)  
  105  11:53  Probe  
  106  12:12  Zealot x4  
  106  12:13  Zealot x2  
  118  12:18  Protoss Ground Weapons Level 3 (Chrono Boost)  
  118  12:28  Protoss Ground Armor Level 3 (Chrono Boost)  
  112  12:56  Stalker x4  
  112  12:57  Stalker x2, Colossus (Chrono Boost)  
  126  13:05  High Templar  
  126  13:18  Blink (Chrono Boost)  
  120  13:26  High Templar x2  
  120  13:27  Zealot x3, High Templar  
  108  14:24  Nexus  
  106  14:25  Probe (Chrono Boost)  
  106  14:30  Probe (Chrono Boost)  
  106  14:31  Probe (Chrono Boost)  
  109  14:49  Pylon  
  109  14:53  Probe  
  109  14:54  Pylon  
  109  14:55  Protoss Shields Level 1  
  106  15:06  Stalker x3  
  106  15:07  Stalker x3, Colossus (Chrono Boost)  
  118  15:16  Robotics Facility  
  118  15:20  Robotics Facility  
  112  15:41  Assimilator  
  110  15:45  Stalker x4, Sentry x2  
  110  15:46  Sentry  
  122  15:50  Assimilator  
  122  15:51  Pylon  
  122  16:06  Colossus x2 (Chrono Boost)  
  140  16:16  Colossus (Chrono Boost)  
  140  16:20  Zealot  
  140  16:21  Zealot x6  
  154  16:26  Probe x3  
  154  16:31  Photon Cannon  
  157  16:41  High Templar x3  
  157  16:42  High Templar x3  
Tags
 
Matchup
PvT
Replay Pack
Multi
Spawn Locations
Cross Positions
Add a new tag
Caveats
  • Supply blocks, unpowered buildings, or Contaminate may cause inaccurate times.
  • Supply counts are checked every 10 seconds.